 Seeded DCSS version 0.29.1-12-g30fa7ad0bf (webtiles) character file.

Game seed: 9845822215292249863 (custom seed)

35 OTABOTABOTAB the Insei (level 3, 24/24 HPs)
             Began as an Octopode Transmuter on Jan 10, 2023.
             Quit the game on level 1 of the Dungeon.
             The game lasted 00:02:10 (1361 turns).

OTABOTABOTAB the Insei (Octopode Transmuter)        Turns: 1361, Time: 00:02:10

Health: 24/24      AC:  1    Str:  9    XL:     3   Next: 33%
Magic:  6/6        EV: 12    Int: 17    God:
Gold:   1681       SH:  6    Dex: 12    Spells: 3/6 levels left

rFire   . . .      SeeInvis .     - Unarmed
rCold   . . .      Faith    .   k - +3 warlock's mirror {reflect}
rNeg    . . .      Spirit   .   (helmet restricted)
rPois   .          Reflect  +   i - amulet of the acrobat
rElec   .          Harm     .   W - ring of willpower
rCorr   .          Rampage  .   (no ring)
Will    +....                   (no ring)
Stlth   ++........              (no ring)
HPRegen 0.08/turn               (no ring)
MPRegen 0.10/turn               (no ring)
                                (no ring)
                                (no ring)

@: no status effects
A: almost no armour, amphibious, 8 rings, camouflage 1, gelatinous body 1,
(nimble swimmer 1), tentacles
a: no special abilities


You were on level 1 of the Dungeon.
You visited 1 branch of the dungeon, and saw 1 of its levels.

You collected 1681 gold pieces.

Inventory:

Missiles
 d - 5 poisoned darts
 s - 10 stones
Armour
 k - the +3 warlock's mirror (worn) {reflect}
   (You acquired it on level 1 of the Dungeon)

   It can block and reflect piercing ranged attacks and magical attacks against
   the wielder's willpower.
Magical Staves
 h - a staff of conjuration
   (You found it on level 1 of the Dungeon)
Jewellery
 i - an amulet of the acrobat (around mantle)
   (You found it on level 1 of the Dungeon)
 W - a ring of willpower (left tentacle)
   (You found it on level 1 of the Dungeon)
Scrolls
 a - a scroll of teleportation {unknown}
 b - a scroll of identify {unknown}
 j - a scroll of amnesia {unknown}
Potions
 c - a potion of heal wounds {unknown}
 e - a potion of curing {unknown}
 g - a potion of magic {unknown}
 P - a potion of lignification {!q}


   Skills:
 + Level 1.9 Fighting
 - Level 2.0 Dodging
 + Level 3.4 Unarmed Combat
 - Level 2.0 Spellcasting
 + Level 2.6 Transmutations


You had 3 spell levels left.
You knew the following spells:

 Your Spells              Type           Power      Damage    Failure   Level
a - Beastly Appendage     Tmut           20%        N/A       9%          1
b - Wereblood             Tmut           10%        N/A       13%         2

Your spell library contained the following spells:

 Spells                   Type           Power      Damage    Failure   Level
 Spider Form              Tmut/Pois      6%         N/A       41%         3
 Ice Form                 Ice/Tmut       6%         N/A       83%         4


Dungeon Overview and Level Annotations

Branches:
Dungeon (1/15)

Altars:


Innate Abilities, Weirdness & Mutations

You cannot wear most types of armour.
You are amphibious.
You can wear up to eight rings at the same time.
Your skin changes colour to match your surroundings (Stealth+).
Your rubbery body absorbs attacks. (AC +1, EV +1)
((You are camouflaged when in or above water. (Stealth+)))
You have tentacles for arms and can constrict up to eight enemies at once.


Message History

There is an open door here.
A ball python comes into view.
A dart slug and a frilled lizard come into view.
Unknown command.
The frilled lizard hisses angrily.
The ball python hisses angrily.
The frilled lizard closely misses you.
You barely miss the frilled lizard. Your grab misses the frilled lizard.
The ball python bites you but does no damage.
The ball python grabs you. The ball python constricts you.
The frilled lizard barely misses you. The ball python bites you.
The ball python constricts you.
You take 4 damage, and have 20/24 hp.
You tentacle-slap the ball python but do no damage.
You grab the ball python. You constrict the ball python.
The ball python bites you but does no damage.
The ball python constricts you. The frilled lizard closely misses you.
You take 1 damage, and have 19/24 hp.
You tentacle-slap the ball python.
You kill the ball python!
The frilled lizard bites you.
You take 3 damage, and have 16/24 hp.
You tentacle-slap the dart slug. You grab the dart slug.
You squeeze the dart slug, but do no damage.
You constrict the dart slug.
The frilled lizard bites you but does no damage.
You tentacle-slap the dart slug. You constrict the dart slug.
The dart slug bites you. The frilled lizard bites you.
You take 5 damage, and have 11/24 hp.
MASSIVE DAMAGE!!
You are too injured to fight recklessly!
You are too injured to fight recklessly!
You are too injured to fight recklessly!
Unknown command.
You tentacle-slap the dart slug but do no damage.
You constrict the dart slug. The dart slug launches a dart at you.
The slug dart misses you. The frilled lizard closely misses you.
You tentacle-slap the dart slug. You constrict the dart slug.
You kill the dart slug!
The frilled lizard misses you.
You tentacle-slap the frilled lizard but do no damage.
You grab the frilled lizard. You constrict the frilled lizard.
You barely miss the frilled lizard. Your squeeze misses the frilled lizard.
You constrict the frilled lizard.
You kill the frilled lizard!
Sorry, you're not good enough to have a special ability.
A goblin comes into view. It is wielding a +0 dagger.
Health restored: 24 A goblin is nearby!
Unknown command.
The goblin shouts!
The goblin closely misses you.
You barely miss the goblin. You grab the goblin. You squeeze the goblin.
You kill the goblin!
No target in view!
No target in view!
No target in view!
i - an amulet of the acrobat You start putting on your amulet.
You continue putting on your amulet of the acrobat. x5
You finish putting on your amulet of the acrobat.
You feel ready to tumble and roll out of harm's way.
i - an amulet of the acrobat (around mantle)
W - a ring of willpower (left tentacle)
You see here a +0 dagger.
j - a scroll labelled ATISUPR BUVEAW You now have 23 gold pieces (gained 12).
An endoplasm comes into view.
An endoplasm is nearby!
One of your tentacles grows a vicious spike.
You now have 5/6 mp.
Unknown command.
The helpless endoplasm fails to defend itself.
You tentacle-slap the endoplasm.
You pierce the endoplasm.
You squeeze the endoplasm.
You kill the endoplasm!
No target in view!
No target in view!
Your tentacle spike disappears.
You open the door.
There is an open door here.
You open the door.
There is an open door here.
Found a stone staircase leading down.
MP restored: 6
There is a stone staircase leading down here.
You now have 31 gold pieces (gained 8).
Done exploring.
Done exploring.
Done exploring.
This is a scroll of acquirement!
Something appears before you!
You now have 1058 gold pieces (gained 1027).
Something appears before you!
k - the +3 warlock's mirror {reflect} You start putting on your armour.
You continue putting on the +3 warlock's mirror {reflect}. x4
You finish putting on the +3 warlock's mirror {reflect}.
Something appears before you!
You now have 1681 gold pieces (gained

623).
.#.........# #.#
#.#
.#####..#######.#
#.#
.....[..........#
#.#
...##############
#.# ...# #.# ..##
#.# ..# #.# ..#
#####.# ..#
#@....# ..#
#.##### #.######
#.# .......# #.#
...###.# #.# ...#
#.#########.#
...#
#.#.#.......#
...#
#.#.#.#######
..####.#.#.#...#
######


There were no monsters in sight!

Vanquished Creatures
  A gnoll (D:1)
  2 dart slugs (D:1)
  2 endoplasms (D:1)
  A giant cockroach (D:1)
  2 goblins (D:1)
  A quokka (D:1)
  2 ball pythons (D:1)
  5 bats (D:1)
  A frilled lizard (D:1)
  2 kobolds (D:1)
  A rat (D:1)
20 creatures vanquished.

Notes
Turn   | Place    | Note
-------+----------+-------------------------------------------
     0 | D:1      | OTABOTABOTAB the Octopode Transmuter began the quest for
                  | the Orb.
     0 | D:1      | Reached XP level 1. HP: 13/13 MP: 3/3
    76 | D:1      | Reached XP level 2. HP: 9/18 MP: 1/5
   317 | D:1      | Learned a level 2 spell: Wereblood
   674 | D:1      | Reached XP level 3. HP: 24/24 MP: 6/6
  1350 | D:1      | Identified 3 scrolls of acquirement
  1350 | D:1      | Acquired 1027 gold pieces
  1352 | D:1      | Acquired the +3 warlock's mirror {reflect}
  1352 | D:1      | Found the +3 warlock's mirror {reflect}
  1359 | D:1      | Acquired 623 gold pieces
  1361 | D:1      | Quit the game

Illustrated notes

Levels and vault maps discovered:
D:1:      giann_bridges, layout_basic

Action                   || total
-------------------------++-------
Melee: Unarmed           ||    45
       Constrict         ||    16
       Tentacles         ||    10
       Kick              ||     3
       Punch             ||     2
Throw: Stone             ||     4
 Cast: Beastly Appendage ||     4
 Abil: End Transformatio ||     2
  Use: Scroll            ||     3
 Stab: Sleeping          ||     4
Armor: Skin              ||     7
Dodge: Dodged            ||    37

Table legend: (Time is in decaauts)
 A = Elapsed time spent in this place.
 B = Non-inter-level travel time spent in this place.
 C = Inter-level travel time spent in this place.
 D = Time resting spent in this place.
 E = Time spent auto-exploring this place.
 F = Levels seen in this place.
 G = Mean time per level.
                   A        B        C        D        E       F      G
               +--------+--------+--------+--------+--------+-----+--------+
         Total |   1358 |   1358 |      0 |    238 |    959 |   1 | 1358.0 |
       Dungeon |   1358 |   1358 |      0 |    238 |    959 |   1 | 1358.0 |
               +--------+--------+--------+--------+--------+-----+--------+

Top non-repeatable levels by time:
     D:1: 1358 daAuts

Table legend:
 A = Kills in this place as a percentage of kills in entire the game.
 B = Kills by you in this place as a percentage of kills by you in the entire game.
 C = Kills by friends in this place as a percentage of kills by friends in the entire game.
 D = Other kills in this place as a percentage of other kills in the entire game.
 E = Experience gained in this place as a percentage of experience gained in the entire game.
 F = Experience gained in this place divided by the number of levels of this place that you have seen.
                   A       B       C       D       E      F
               +-------+-------+-------+-------+-------+----------------------
         Total | 100.0 | 100.0 |   N/A |   N/A | 100.0 |  50.0
       Dungeon | 100.0 | 100.0 |   N/A |   N/A | 100.0 |  50.0
               +-------+-------+-------+-------+-------+----------------------
